 Dungeon Crawl Stone Soup version 0.29-a0-887-gcbe080d7e0 (webtiles) character file.

Game seed: 8207852204603239493

651 jimonade the Covert (level 7, -4/56 HPs)
             Began as a Gnoll Brigand on July 21, 2022.
             Slain by an iguana (13 damage)
             ... on level 5 of the Dungeon.
             The game lasted 00:11:47 (4986 turns).

jimonade the Covert (Gnoll Brigand)                 Turns: 4986, Time: 00:11:48

Health: -4/56      AC:  5    Str: 11    XL:     7   Next: 53%
Magic:  11/11      EV: 11    Int: 10    God:
Gold:   227        SH:  0    Dex: 15    Spells: 11/11 levels left

rFire   . . .      SeeInvis .   b - +0 short sword (elec)
rCold   + . .      Faith    .   t - +2 kite shield
rNeg    . . .      Spirit   .   g - +0 leather armour
rPois   .          Reflect  .   p - +0 helmet
rElec   .          Harm     .   c - +0 cloak
rCorr   .          Rampage  .   (no gloves)
Will    .....                   (no boots)
Stlth   +.........              (no amulet)
HPRegen 0.18/turn               o - ring of protection from cold
MPRegen 0.12/turn               (no ring)

@: confused, ambrosia-drunk
A: fangs 1, strong nose, distributed training
a: no special abilities


You were on level 5 of the Dungeon.
You visited 2 branches of the dungeon, and saw 6 of its levels.
You also visited: Sewer.

You collected 227 gold pieces.

Inventory:

Hand Weapons
 a - a +3 dagger
 b - a +0 short sword of electrocution (weapon)
 l - a +0 dagger
 H - a +0 sling
Missiles
 d - 17 poisoned darts (quivered)
 e - 3 curare-tipped darts
 m - 41 stones
 v - 5 boomerangs
 F - 5 javelins
Armour
 c - a +0 cloak (worn)
 g - a +0 leather armour (worn)
 j - a +0 robe
 p - a +0 helmet (worn)
 s - a +0 ring mail
 t - a +2 kite shield (worn)
 G - a +0 chain mail
Jewellery
 o - a ring of protection from cold (left hand)
 D - an amulet of reflection
Wands
 B - a wand of polymorph (10)
Scrolls
 i - 2 scrolls of enchant weapon
 n - 2 scrolls of identify
 w - a scroll of fear {unknown}
 x - a scroll of teleportation
 y - a scroll of butterflies
 z - a scroll of magic mapping {unknown}
 C - a scroll of blinking {unknown}
Potions
 h - a potion of haste
 k - a potion of resistance
 r - a potion of mutation
 u - a potion of invisibility {unknown}
 A - a potion of attraction {unknown}
 E - a potion of might {unknown}
 I - a potion of flight {unknown}
 J - a potion of curing


   Skills:
 + Level 5.3 Fighting
 + Level 5.3 Short Blades
 + Level 2.6 Long Blades
 + Level 2.6 Axes
 + Level 2.6 Maces & Flails
 + Level 2.6 Polearms
 + Level 2.6 Staves
 + Level 2.6 Ranged Weapons
 + Level 5.3 Throwing
 + Level 2.6 Armour
 + Level 3.7 Dodging
 + Level 8.3 Stealth
 + Level 2.6 Shields
 + Level 2.6 Unarmed Combat
 + Level 2.6 Spellcasting
 + Level 2.1 Conjurations
 + Level 2.1 Hexes
 + Level 2.1 Summonings
 + Level 2.1 Necromancy
 + Level 2.1 Translocations
 + Level 2.1 Transmutations
 + Level 2.1 Fire Magic
 + Level 2.1 Ice Magic
 + Level 2.1 Air Magic
 + Level 2.1 Earth Magic
 + Level 2.1 Poison Magic
 + Level 3.0 Invocations
 + Level 2.6 Evocations


You had 11 spell levels left.
You didn't know any spells.
Your spell library contained the following spells:

 Spells                   Type           Power      Damage    Failure   Level
 Blink                    Tloc           10%        N/A       58%         2
 Ensorcelled Hibernation  Hex/Ice        10%        N/A       58%         2
 Passwall                 Tmut/Erth      4%         N/A       58%         2
 Lesser Beckoning         Tloc           5%         N/A       83%         3
 Swiftness                Air            5%         N/A       83%         3
 Hailstorm                Conj/Ice       5%         3d4       99%         4
 Ice Form                 Ice/Tmut       5%         N/A       99%         4
 Manifold Assault         Tloc           5%         N/A       100%        5
 Simulacrum               Ice/Necr       2%         N/A       100%        6


Dungeon Overview and Level Annotations

Branches:
Dungeon (5/15)             Temple (1/1) D:5           Sewer (visited)

Altars:
Ashenzari
Dithmenos
Elyvilon
Gozag
Hepliaklqana
Kikubaaqudgha
Makhleb
Nemelex Xobeh
Ru
Sif Muna
Uskayaw
Wu Jian
The Shining One

Shops:
D:1 ?


Innate Abilities, Weirdness & Mutations

You have very sharp teeth.
Your uncanny sense of smell can sniff out nearby items.
Your experience applies equally to all skills.


Message History

The iguana is moderately wounded.
The iguana closely misses you.
You hit the iguana but do no damage.
The iguana is moderately wounded.
You block the iguana's attack.
The iguana bites you but does no damage.
You hit the iguana but do no damage.
The iguana is moderately wounded.
You hit the iguana. You bite the iguana, but do no damage.
The iguana is moderately wounded.
The iguana barely misses you.
You feel much better. The iguana bites you!
You completely miss the iguana.
The iguana is moderately wounded.
The iguana misses you.
You barely miss the iguana.
The iguana is moderately wounded.
The iguana bites you but does no damage.
The iguana bites you.
* * * LOW HITPOINT WARNING * * *
You hit the iguana but do no damage.
The iguana is moderately wounded.
The iguana completely misses you.
You hit the iguana.
The iguana is heavily wounded.
The iguana bites you.
* * * LOW HITPOINT WARNING * * *
You hit the iguana. You bite the iguana, but do no damage.
The iguana is heavily wounded.
The iguana barely misses you.
You hit the iguana but do no damage. You bite the iguana, but do no damage.
The iguana is heavily wounded.
You block the iguana's attack.
You hit the iguana but do no damage. You bite the iguana.
The iguana is severely wounded.
The iguana bites you.
* * * LOW HITPOINT WARNING * * *
You are confused.
You feel invigorated. The iguana bites you!
You die...

♣≈≈≈≈≈≈≈≈≈≈♣≈≈........##
≈P≈≈≈≈≈≈≈≈≈PP♣.........##
♣≈≈≈≈≈≈≈≈≈≈≈≈≈..........##
♣≈≈≈≈≈≈≈≈≈≈≈≈≈...........#.
≈≈≈≈≈≈≈≈≈≈≈P♣♣#.............#
≈P≈≈P≈ P≈ ##.............#
♣≈P≈≈≈ #.............##
P♣≈≈≈≈ ♣##..#.†.....$...
≈≈≈♣≈≈ ≈P♣...@#.....###...#∆
♣♣≈≈ ≈ ♣....l).....# #....
.♣♣≈P♣ ♣..###.......# ....
.≈♣♣≈≈ ♣.# #.......## ..P♣≈≈
#. ##.......# ....♣ .
.<........ #.... .
...........< .# ..........#.#
..........


You could see an iguana.

Vanquished Creatures
  An ice beast (D:5)
  A phantom (D:4)
  2 scorpions
  An orc priest (D:4)
  2 iguanas
  11 adders
  A river rat (Sewer)
  A shadow imp (D:5)
  A white imp (D:5)
  6 worms
  2 dart slugs
  10 orcs
  13 ball pythons
  17 bats
  9 endoplasms
  4 giant cockroaches
  10 goblins
  10 hobgoblins
  2 jackals (Sewer)
  5 quokkas
  8 frilled lizards
  3 kobolds
  16 rats
136 creatures vanquished.

Notes
Turn   | Place    | Note
-------+----------+-------------------------------------------
     0 | D:1      | jimonade the Gnoll Brigand began the quest for the Orb.
     0 | D:1      | Reached XP level 1. HP: 20/20 MP: 1/1
    66 | D:1      | Reached XP level 2. HP: 17/26 MP: 2/2
   291 | D:1      | Found Mahotid's Magic Scroll Shop.
   462 | D:1      | Reached XP level 3. HP: 31/31 MP: 3/3
   707 | D:1      | Reached skill level 1 in Invocations
   710 | D:1      | Found a faded altar of an unknown god.
  1092 | D:2      | Reached skill level 1 in Long Blades
  1092 | D:2      | Reached skill level 1 in Axes
  1092 | D:2      | Reached skill level 1 in Maces & Flails
  1092 | D:2      | Reached skill level 1 in Polearms
  1092 | D:2      | Reached skill level 1 in Staves
  1092 | D:2      | Reached skill level 1 in Ranged Weapons
  1092 | D:2      | Reached skill level 1 in Armour
  1092 | D:2      | Reached skill level 1 in Shields
  1092 | D:2      | Reached skill level 1 in Unarmed Combat
  1092 | D:2      | Reached skill level 1 in Spellcasting
  1092 | D:2      | Reached skill level 1 in Evocations
  1325 | D:2      | Reached XP level 4. HP: 38/38 MP: 5/5
  1449 | D:2      | Reached skill level 1 in Conjurations
  1449 | D:2      | Reached skill level 1 in Hexes
  1449 | D:2      | Reached skill level 1 in Summonings
  1449 | D:2      | Reached skill level 1 in Necromancy
  1449 | D:2      | Reached skill level 1 in Translocations
  1449 | D:2      | Reached skill level 1 in Transmutations
  1449 | D:2      | Reached skill level 1 in Fire Magic
  1449 | D:2      | Reached skill level 1 in Ice Magic
  1449 | D:2      | Reached skill level 1 in Air Magic
  1449 | D:2      | Reached skill level 1 in Earth Magic
  1449 | D:2      | Reached skill level 1 in Poison Magic
  1945 | D:3      | Reached XP level 5. HP: 38/43 MP: 7/7
  1982 | D:3      | Found a glowing drain.
  1991 | Sewer    | Entered a sewer
  2475 | Sewer    | Reached skill level 8 in Stealth
  3313 | D:3      | Reached XP level 6. HP: 49/50 MP: 8/8
  3708 | D:4      | Reached skill level 5 in Fighting
  3708 | D:4      | Reached skill level 5 in Short Blades
  3708 | D:4      | Reached skill level 5 in Throwing
  4480 | D:4      | Reached XP level 7. HP: 56/56 MP: 10/10
  4703 | D:5      | Entered Level 5 of the Dungeon
  4744 | D:5      | Found a staircase to the Ecumenical Temple.
  4754 | Temple   | Entered the Ecumenical Temple
  4986 | D:5      | Slain by an iguana

Illustrated notes

Levels and vault maps discovered:
D:1:      dpeg_arrival_ratfight, layout_rooms,
          hellmonk_ecumenical_altar_prayer_group, serial_shops, shop_fountains,
          hangedman_decor_clover_reticule
D:2:      layout_basic
D:3:      layout_loops_ring, lightli_sewer_entry_pipes,
          kennysheep_generic_room_13
D:4:      layout_basic, corexii_hall_statues_l
D:5:      layout_cave_pools, zin_treasury, minmay_temple_entry_statues_pillars,
          serial_bayou_lake_a, uniq_crazy_yiuf_cottage, uniq_sigmund
Temple:   nicolae_temple_god_jail

Skill      XL: |  1  2  3  4  5  6  7 |
---------------+----------------------+-----
Invocations    | 1 2 3 |  3.0
Long Blades    | 1 2 |  2.6
Axes           | 1 2 |  2.6
Maces & Flails | 1 2 |  2.6
Polearms       | 1 2 |  2.6
Staves         | 1 2 |  2.6
Ranged Weapons | 1 2 |  2.6
Armour         | 1 2 |  2.6
Shields        | 1 2 |  2.6
Unarmed Combat | 1 2 |  2.6
Spellcasting   | 1 2 |  2.6
Evocations     | 1 2 |  2.6
Conjurations   | 1 2 |  2.1
Hexes          | 1 2 |  2.1
Summonings     | 1 2 |  2.1
Necromancy     | 1 2 |  2.1
Translocations | 1 2 |  2.1
Transmutations | 1 2 |  2.1
Fire Magic     | 1 2 |  2.1
Ice Magic      | 1 2 |  2.1
Air Magic      | 1 2 |  2.1
Earth Magic    | 1 2 |  2.1
Poison Magic   | 1 2 |  2.1
Dodging        | 3 |  3.7
Stealth        | 8 |  8.3
Fighting       | 5 |  5.3
Short Blades   | 5 |  5.3
Throwing       | 5 |  5.3

Action                   |  1- 3 |  4- 6 |  7- 9 || total
-------------------------+-------+-------+-------++-------
Melee: Dagger            |   120 |       |       ||   120
       Bite              |    16 |    24 |    10 ||    50
       Short sword       |     5 |   306 |    55 ||   366
       Punch             |     1 |     2 |       ||     3
  Use: Scroll            |     4 |     7 |       ||    11
       Potion            |       |     1 |     2 ||     3
 Stab: Sleeping          |     8 |    16 |     2 ||    26
       Distracted        |       |     2 |       ||     2
Armor: Robe              |     6 |       |       ||     6
       Leather armour    |    25 |   102 |     5 ||   132
Dodge: Dodged            |    62 |   156 |    17 ||   235
Block: Kite shield       |       |   164 |    18 ||   182

Table legend: (Time is in decaauts)
 A = Elapsed time spent in this place.
 B = Non-inter-level travel time spent in this place.
 C = Inter-level travel time spent in this place.
 D = Time resting spent in this place.
 E = Time spent auto-exploring this place.
 F = Levels seen in this place.
 G = Mean time per level.
                   A        B        C        D        E       F      G
               +--------+--------+--------+--------+--------+-----+--------+
         Total |   5143 |   4937 |    206 |   1060 |   2193 |   7 |  734.7 |
       Dungeon |   4113 |   3920 |    193 |    723 |   2028 |   5 |  822.6 |
        Temple |     75 |     62 |     13 |      0 |     54 |   1 |   75.0 |
         Sewer |    953 |    953 |      0 |    337 |    110 |   1 |  953.0 |
               +--------+--------+--------+--------+--------+-----+--------+

Top non-repeatable levels by time:
     D:3: 1208 daAuts
   Sewer: 953 daAuts
     D:1: 946 daAuts
     D:4: 870 daAuts
     D:2: 866 daAuts
     D:5: 221 daAuts
  Temple: 75 daAuts
